cohdb
Replays
Latest Replays
All Replays
Popular Replays
Top Player Replays
Match Explorer
How It Works
Community
CoH3 Stats
Reddit
Sign in to upload your games and track your stats! →
Sign in with Steam
Match 43107439
Unlisted
Match 43107439
Overview
Messages
Build Orders
End
Selects Italian Combined Arms Battlegroup
Selects Bersaglieri Squad
Bersaglieri Squad
Panzergrenadier Squad
Bersaglieri Squad
Construct Light Support Kompanie
2.5-tonne Medical Truck
Panzergrenadier Squad
Construct Mechanized Kompanie
Panzerpioneer Squad
Veteran Squad Leaders
Selects Bersaglieri Bolster
Selects Breda Model 30 Light Machine Guns
samsunggga4
AzOoZlol
Tok3n x Operator
WARlordS
0
0
Comments
sign in to comment!
No comments posted yet!